 Dungeon Crawl Stone Soup version 0.24-a0-451-g263dff2034 (webtiles) character file.

Game seed: 13169783157189345791

3271 Krouwed the Archer (level 10, -9/76 HPs)
             Began as a Human Hunter on June 26, 2019.
             Was a Believer of Okawaru.
             Mangled by a two-headed ogre
             ... wielding a +0 giant club
              (17 damage)
             ... on level 8 of the Dungeon.
             The game lasted 00:20:16 (9105 turns).

Krouwed the Archer (Human Hunter)                   Turns: 9105, Time: 00:20:16

Health: -9/76      AC: 12    Str: 21    XL:     10   Next: 19%
Magic:  0/14       EV:  9    Int: 11    God:    Okawaru [**....]
Gold:   381        SH:  0    Dex: 17    Spells: 9/9 levels left

rFire    + . .     SeeInvis .   b - +1 rapier (elec)
rCold    . . .     Gourm    .   (no shield)
rNeg     . . .     Faith    .   K - +0 chain mail {rF+}
rPois    .         Spirit   +   E - +2 helmet
rElec    .         Reflect  .   (no cloak)
rCorr    .         Harm     .   (no gloves)
MR       .....                  (no boots)
Stlth    ..........             J - amulet of guardian spirit
HPRegen  0.22/turn              M - ring of wizardry
MPRegen  0.14/turn              q - +3 ring of dexterity

@: mighty
A: no striking features
a: Heroism, Renounce Religion


You were on level 8 of the Dungeon.
You worshipped Okawaru.
Okawaru was pleased with you.
You were not hungry.

You visited 2 branches of the dungeon, and saw 9 of its levels.

You collected 381 gold pieces.

Inventory:

Hand Weapons
 a - a +1 shortbow
 b - a +1 rapier of electrocution (weapon)
Missiles
 d - 118 arrows
 g - 40 poisoned darts (quivered)
 r - 3 throwing nets
Armour
 x - a +1 ring mail of cold resistance
 E - a +2 helmet (worn)
 K - a +0 chain mail of fire resistance (worn)
Jewellery
 j - an uncursed amulet of harm
 l - an uncursed ring of ice
 q - a +3 ring of dexterity (right hand)
 s - an uncursed ring of fire
 J - an amulet of guardian spirit (around neck)
 M - a ring of wizardry (left hand)
Wands
 h - a wand of random effects (17)
 i - a wand of iceblast (12)
 w - a wand of disintegration (17)
 y - a wand of flame (14)
 O - a wand of digging (7)
Scrolls
 e - 2 scrolls of remove curse
 m - a scroll of random uselessness {unknown}
 p - 3 scrolls of fog {unknown}
 t - a scroll of fear {unknown}
 u - a scroll of immolation {unknown}
 A - a scroll of amnesia {unknown}
 B - 2 scrolls of magic mapping {unknown}
 F - a scroll of noise {unknown}
 I - a scroll of enchant armour
Potions
 c - 2 potions of degeneration
 f - a potion of resistance
 k - a potion of ambrosia
 n - 3 potions of curing
 v - 4 potions of brilliance
 z - 2 potions of lignification
 C - a potion of heal wounds
 D - a potion of magic {unknown}
 L - a potion of mutation {unknown}
 N - 2 potions of agility
Comestibles
 G - 2 rations


   Skills:
 - Level 6.3 Fighting
 + Level 11.0 Bows
 - Level 4.0 Armour
 - Level 2.0 Dodging
 - Level 1.0 Stealth
 + Level 5.5 Invocations


You had 9 spell levels left.
You didn't know any spells.
Your spell library contained the following spells:

 Spells                   Type           Power        Failure   Level  Hunger
 Flame Tongue             Conj/Fire      #....        75%         1    ##.....
 Throw Flame              Conj/Fire      #.....       86%         2    ###....
 Conjure Flame            Conj/Fire      #.......     97%         3    ####...
 Inner Flame              Hex/Fire       #.......     97%         3    ####...
 Sticky Flame             Conj/Fire      #.......     100%        4    #####..
 Fireball                 Conj/Fire      #.........   100%        5    ######.


Dungeon Overview and Level Annotations

Branches:
Dungeon (8/15)             Temple (1/1) D:6
   Lair: D:8-11

Altars:
Ashenzari
Cheibriados
Dithmenos
Elyvilon
Fedhas
Gozag
Hepliaklqana
Kikubaaqudgha
Makhleb
Nemelex Xobeh
Okawaru
Qazlal
Ru
Sif Muna
Trog
Uskayaw
Vehumet
Wu Jian
Xom
Yredelemnul
Zin
The Shining One

Annotations:
D:7 3 runed translucent doors, imraulkays's ghost, novice NaTm


Message History

The two-headed ogre hits you with a +0 giant club!
* * * LOW HITPOINT WARNING * * *
You feel much better.
You feel very mighty all of a sudden. The two-headed ogre barely misses you.
The two-headed ogre misses you.
You puncture the two-headed ogre!
The two-headed ogre is heavily wounded.
The two-headed ogre hits you with a +0 giant club!
The two-headed ogre barely misses you.
You hit the two-headed ogre.
The two-headed ogre is severely wounded.
The two-headed ogre hits you with a +0 giant club!!
* * * LOW HITPOINT WARNING * * *
The two-headed ogre hits you with a +0 giant club!
* * * LOW HITPOINT WARNING * * *
You feel much better.
The two-headed ogre hits you with a +0 giant club!!
* * * LOW HITPOINT WARNING * * *
The two-headed ogre hits you with a +0 giant club!
You die...

#......#....##..........<
........#....##.).........
........#....##....##....#
........#....##....# ..#
........#..........#####+#
. ....
#..........##....##..
..... #...................
......#................#
((((..'.(..>.O@........#
......#....###...##....#
..... #....###...##....#
.... #.....#..........#
... #..>..#..........# ..
#.....#(.........# .
#.....+..........#
#.....#..........# +
#..........#


You could see a two-headed ogre.

Vanquished Creatures
  Joseph (D:8)
  3 hippogriffs (D:7)
  A hungry ghost (D:7)
  Menkaure (D:4)
  Duvessa (D:4)
  A water moccasin (D:6)
  An orc warrior (D:6)
  An ice beast (D:8)
  A black bear (D:6)
  A sky beast (D:6)
  2 phantoms
  An ogre (D:8)
  2 centaurs
  2 bullfrogs (D:6)
  Dowan (D:4)
  5 scorpions
  3 howler monkeys
  A crimson imp (D:6)
  A centaur skeleton (D:6)
  3 orc wizards
  A gnoll shaman (D:5)
  2 hounds (D:5)
  2 jellies
  A bullfrog skeleton (D:6)
  4 iguanas
  2 worker ants
  A hound skeleton (D:7)
  4 gnolls (D:5)
  7 adders
  3 shadow imps
  An adder skeleton (D:5)
  2 worms
  2 dart slugs
  8 leopard geckos
  16 orcs
  A ball python (D:5)
  8 giant cockroaches
  3 goblins
  4 hobgoblins
  5 jackals (D:6)
  10 kobolds
  5 quokkas
  12 bats
  4 frilled lizards
  8 rats
149 creatures vanquished.

Notes
Turn   | Place    | Note
-------+----------+-------------------------------------------
     0 | D:1      | Krouwed the Human Hunter began the quest for the Orb.
     0 | D:1      | Reached XP level 1. HP: 16/16 MP: 1/1
   110 | D:1      | Reached XP level 2. HP: 15/22 MP: 2/2
   766 | D:2      | Reached XP level 3. HP: 19/27 MP: 3/3
  1063 | D:2      | Reached skill level 5 in Bows
  1142 | D:2      | Found a hide-covered altar of Uskayaw.
  1142 | D:2      | Noticed a +0 dagger
  1143 | D:2      | Noticed a +0 dagger
  1293 | D:2      | Reached XP level 4. HP: 8/33 MP: 4/4
  2862 | D:3      | Reached skill level 6 in Bows
  2862 | D:3      | Reached XP level 5. HP: 23/38 MP: 5/5
  3219 | D:4      | Noticed Dowan
  3219 | D:4      | Noticed Duvessa
  3627 | D:4      | Killed Duvessa
  3627 | D:4      | Reached XP level 6. HP: 19/44 MP: 6/6
  3636 | D:4      | Killed Dowan
  3636 | D:4      | Reached skill level 7 in Bows
  4511 | D:4      | Noticed a phantom
  4532 | D:4      | Killed a phantom
  4532 | D:4      | Reached skill level 8 in Bows
  4532 | D:4      | Reached XP level 7. HP: 40/50 MP: 7/7
  4635 | D:4      | Noticed Menkaure
  4660 | D:4      | Killed Menkaure
  4849 | D:5      | Entered Level 5 of the Dungeon
  5143 | D:5      | Reached skill level 9 in Bows
  5202 | D:5      | Reached XP level 8. HP: 58/58 MP: 8/8
  5634 | D:6      | Found a staircase to the Ecumenical Temple.
  5641 | Temple   | Entered the Ecumenical Temple
  5885 | Temple   | Became a worshipper of Warmaster Okawaru
  6566 | D:6      | Reached * piety under Okawaru
  6682 | D:6      | Reached skill level 5 in Fighting
  6709 | D:6      | Reached skill level 1 in Armour
  6709 | D:6      | Reached skill level 1 in Invocations
  6709 | D:6      | Reached XP level 9. HP: 33/68 MP: 5/9
  6979 | D:6      | Reached skill level 10 in Bows
  8103 | D:7      | Found a shattered altar of Ashenzari.
  8180 | D:7      | Noticed a hippogriff
  8188 | D:7      | Killed a hippogriff
  8293 | D:7      | Reached ** piety under Okawaru
  8326 | D:7      | Noticed a hippogriff
  8342 | D:7      | Killed a hippogriff
  8357 | D:7      | Found a runed translucent gate.
  8358 | D:7      | Found a runed translucent gate.
  8372 | D:7      | Found a runed translucent gate.
  8373 | D:7      | Noticed imraulkays's ghost (novice NaTm)
  8831 | D:8      | Noticed a hippogriff
  8846 | D:7      | Killed a hippogriff
  8846 | D:7      | Reached XP level 10. HP: 47/76 MP: 7/13
  9029 | D:8      | Noticed Joseph
  9044 | D:8      | Killed Joseph
  9044 | D:8      | Reached skill level 11 in Bows
  9044 | D:8      | Reached skill level 5 in Invocations
  9084 | D:8      | Noticed a two-headed ogre
  9105 | D:8      | Mangled by a two-headed ogre

Levels and vault maps discovered:
D:1:      tarquinn_simple_flora_water_a, layout_basic
D:2:      layout_basic, dancing_weapons_uskayaw, minmay_randomly_rotated_circles
D:3:      layout_basic
D:4:      layout_cave_pods, uniq_duvessa, uniq_menkaure
D:5:      layout_loops_ring, first_ration
D:6:      layout_gridville, minmay_temple_entry_statues
D:7:      layout_cave_pools, ebering_ghost_rock_garden, basic_altar,
          wad_woods_river_04
D:8:      layout_gridville, minmay_lair_entry_grove, serial_shops,
          kennysheep_mini, uniq_joseph
Temple:   roderic_octagonal_lattice_temple

Skill      XL: |  1  2  3  4  5  6  7  8  9 10 |
---------------+-------------------------------+-----
Bows           | 5 6 8 9 10 11 | 11.0
Fighting       | 3 5 6 |  6.3
Armour         | 1 4 |  4.0
Invocations    | 1 4 5 |  5.5
Dodging        | |  2.0
Stealth        | |  1.0

Action                   |  1- 3 |  4- 6 |  7- 9 | 10-12 || total
-------------------------+-------+-------+-------+-------++-------
Melee: Short sword       |    96 |    84 |       |       ||   180
       Rapier            |       |    46 |   134 |     9 ||   189
 Fire: Shortbow          |    14 |    15 |   238 |    22 ||   289
Throw: Dart              |       |     4 |    13 |     6 ||    23
Invok: Heroism           |       |       |     2 |     3 ||     5
  Use: Potion            |     1 |     1 |     3 |     3 ||     8
       Scroll            |       |    11 |     3 |     4 ||    18
 Stab: Sleeping          |     1 |       |       |       ||     1
       Invisible         |       |     1 |     2 |       ||     3
  Eat: Chunk             |     1 |     7 |     9 |     2 ||    19
       Ration            |       |     1 |     3 |       ||     4
Armor: Leather armour    |    30 |     1 |       |       ||    31
       Chain mail        |       |    85 |   179 |     4 ||   268
Dodge: Dodged            |    88 |    70 |    91 |    11 ||   260

Table legend:
 A = Non-vault XP
 B = Vault XP
 C = Vault XP percentage of total XP
 D = Non-vault monster count
 E = Vault monster count
 F = Vault count percentage of total count
                 A         B        C        D         E       F
            +---------+---------+-------+---------+---------+-------
      Total |    3919 |     755 |  16.2 |     139 |      10 |   6.7
            +---------+---------+-------+---------+---------+-------
        D:1 |      26 |       0 |   0.0 |      18 |       0 |   0.0
        D:2 |      43 |      22 |  33.8 |      18 |       6 |  25.0
        D:3 |      70 |       0 |   0.0 |      15 |       0 |   0.0
        D:4 |     311 |     303 |  49.3 |      13 |       3 |  18.8
        D:5 |     509 |       0 |   0.0 |      22 |       0 |   0.0
        D:6 |    1410 |       0 |   0.0 |      34 |       0 |   0.0
        D:7 |    1300 |       0 |   0.0 |      16 |       0 |   0.0
        D:8 |     250 |     430 |  63.2 |       3 |       1 |  25.0
            +---------+---------+-------+---------+---------+-------
